 Dungeon Crawl Stone Soup version 0.17.0-28-g6e173f8 (webtiles) character file.

997 PossumBlood the Covered (level 8, -4/61 HPs)
             Began as a Human Fighter on Nov 28, 2015.
             Slain by an orc
             ... wielding a +0 great sword
              (11 damage)
             ... on level 4 of the Dungeon.
             The game lasted 00:07:55 (3774 turns).

PossumBlood the Covered (Human Fighter)             Turns: 3774, Time: 00:07:55

Health: -4/61      AC:  8    Str: 20    XL:     8   Next: 42%
Magic:  8/8        EV:  9    Int:  8    God:
Gold:   156        SH: 10    Dex: 12    Spells: 0 memorised, 7 levels left

rFire  . . .     SeeInvis .     a - +0 long sword
rCold  . . .     Clarity  .     b - +0 scale mail
rNeg   . . .     SustAt   .     c - +0 shield
rPois  .         Gourm    .     (no helmet)
rElec  .         Spirit   .     r - +0 cloak
rCorr  .         Warding  .     (no gloves)
rMut   .         Stasis   .     (no boots)
MR     .....                    (no amulet)
Stlth  ..........               (no ring)
                                (no ring)

@: not resistant to hostile enchantments, extremely unstealthy
A: no striking features
a: no special abilities


You were on level 4 of the Dungeon.
You were not hungry.

You visited 1 branch of the dungeon, and saw 4 of its levels.

You collected 156 gold pieces.

Inventory:

Hand Weapons
 a - a +0 long sword (weapon)
 h - a +2 whip of electrocution
 p - a cursed -2 flail
Armour
 b - a +0 scale mail (worn)
 c - a +0 shield (worn)
 r - a +0 cloak (worn)
Wands
 k - a wand of fireball (2)
 q - a wand of disintegration (10)
Scrolls
 g - 2 scrolls of identify
 i - a scroll of teleportation
 l - a scroll of enchant weapon {unknown}
 m - a scroll of magic mapping
Potions
 d - a potion of might
 f - 3 potions of curing
 j - 2 potions of ambrosia {unknown}
 n - 2 potions of cancellation {unknown}
 o - 2 potions of resistance {unknown}
 s - a potion of agility {unknown}
 t - a potion of heal wounds
 u - a potion of haste {unknown}
Comestibles
 e - 2 bread rations


   Skills:
 + Level 4.9 Fighting
 + Level 4.2 Long Blades
 + Level 5.6 Armour
 + Level 3.0 Dodging
 + Level 1.0 Stealth
 + Level 5.2 Shields


You had 7 spell levels left.
You didn't know any spells.

Dungeon Overview and Level Annotations

Branches:
Dungeon (4/15)
 Temple: D:4-7

Altars:


Message History

The ogre hits you with a giant spiked club!
An orc comes into view. It is wielding a great sword.
You slash the ogre!
The ogre is heavily wounded.
The orc hits you with a great sword.
You barely miss the ogre.
The ogre is heavily wounded.
The ogre barely misses you. The orc barely misses you.
You barely miss the ogre.
The ogre is heavily wounded.
The ogre closely misses you. The orc hits you with a great sword!
Your shield prevents you from hitting the ogre.
The ogre is heavily wounded.
You block the ogre's attack. The orc barely misses you.
Your shield and scale mail prevent you from hitting the ogre.
The ogre is heavily wounded.
The ogre hits you with a giant spiked club!
* * * LOW HITPOINT WARNING * * *
The orc hits you with a great sword!
You die...

#.#......###
##..................
..#......#
#..########..)#....
###.###### #..#
#...#.... ....# ##.#
#.<.#.... ##### ##.#
#...#.... # ###....
#...#..<.
####...####
.........
#.....##..##
#...###.# #...@O.#
... #.# #..##o.#
....#.. #.# #.###.##
$##.#... #..#.#
#.....# ## ....#
##.... #####.# .....
#..... #.## ##..#
#.#.##. #..####..##
..... #. ##........#
##.### #. ####.....#
# #>


You could see an ogre and an orc.

Vanquished Creatures
  The ghost of PossumBlood the Covered, a novice HuFi (D:4)
  3 ogres (D:4)
  3 hounds
  2 orc priests (D:3)
  Ijyb (D:2)
  3 orc wizards (D:3)
  A worker ant (D:4)
  8 adders
  An adder skeleton (D:4)
  6 orcs (D:3)
  10 bats
  3 giant cockroaches
  5 goblins
  8 hobgoblins
  13 jackals
  9 kobolds
  2 quokkas (D:3)
  2 giant geckos
  A giant gecko skeleton (D:4)
  3 giant newts
  A quokka zombie (D:4)
  4 rats
90 creatures vanquished.

Notes
Turn   | Place    | Note
--------------------------------------------------------------
     0 | D:1      | PossumBlood the Human Fighter began the quest for the Orb.
     0 | D:1      | Reached XP level 1. HP: 18/18 MP: 1/1
    78 | D:1      | Reached XP level 2. HP: 24/24 MP: 2/2
   414 | D:1      | Reached XP level 3. HP: 29/29 MP: 3/3
   607 | D:2      | Noticed Ijyb
   631 | D:2      | Killed Ijyb
   631 | D:2      | Reached skill level 1 in Dodging
   631 | D:2      | Reached XP level 4. HP: 16/35 MP: 4/4
   937 | D:2      | Reached XP level 5. HP: 41/41 MP: 5/5
  1318 | D:3      | Reached skill level 4 in Armour
  1937 | D:3      | Reached XP level 6. HP: 11/48 MP: 6/6
  2601 | D:4      | Noticed PossumBlood's ghost (novice HuFi)
  2613 | D:4      | Killed PossumBlood's ghost
  2613 | D:4      | Reached XP level 7. HP: 19/55 MP: 7/7
  3193 | D:4      | Reached skill level 5 in Armour
  3193 | D:4      | Reached XP level 8. HP: 24/61 MP: 8/8
  3354 | D:4      | Reached skill level 1 in Stealth
  3596 | D:4      | Reached skill level 5 in Shields
  3774 | D:4      | Slain by an orc

Action                   |  1- 3 |  4- 6 |  7- 9 || total
-------------------------+-------+-------+-------++-------
Melee: Long sword        |    86 |   239 |   118 ||   443
  Use: Potion            |     4 |     2 |     1 ||     7
       Scroll            |       |     6 |     1 ||     7
  Eat: Royal jelly       |       |     2 |       ||     2
       Fruit             |       |     1 |       ||     1
       Pizza             |       |     1 |       ||     1
       Bread ration      |       |       |     1 ||     1
